 Dungeon Crawl Stone Soup version 0.30-a0-462-gd5975efbca (webtiles) character file.

Game seed: 16297273021677700229

1601 greenreed the Basher (level 9, -2/54 (62) HPs)
             Began as a Formicid Fighter on Dec 17, 2022.
             Was a Follower of Hepliaklqana.
             Slain by a wight
             ... wielding a +0 battleaxe
              (9 damage)
             ... on level 6 of the Dungeon.
             The game lasted 00:13:38 (5416 turns).

greenreed the Basher (Formicid Fighter)             Turns: 5416, Time: 00:13:39

HP:   -2/54 (62)    AC:  8    Str: 25    XL:     9   Next: 16%
MP:   9/9           EV: 10    Int:  8    God:    Hepliaklqana [*.....]
Gold: 302           SH:  5    Dex: 13    Spells: 8/8 levels left

rFire   + . .      SeeInvis +    v - +2 mace (holy)
rCold   . . .      Faith    .    c - +0 buckler
rNeg    . . .      Spirit   .    y - +1 scale mail {rPois}
rPois   +          Reflect  .    (helmet unavailable)
rElec   .          Harm     .    (no cloak)
rCorr   .          Rampage  .    (no gloves)
Will    .....                    (no boots)
Stlth   ..........               (no amulet)
HPRegen 0.29/turn                p - ring of protection from fire
MPRegen 0.11/turn                (no ring)

@: weakened, heavily drained
A: reduced essence, permanent stasis, dig shafts and tunnels, antennae 3, four
strong arms
a: Dig, Shaft Self, Renounce Religion, Recall Ancestor, Ancestor Identity


You were on level 6 of the Dungeon.
You worshipped Hepliaklqana.
Hepliaklqana was aware of your devotion.
You visited 1 branch of the dungeon, and saw 6 of its levels.

You collected 302 gold pieces.

Inventory:

Hand Weapons
 a - a +0 flail
 v - a +2 mace of holy wrath (weapon)
Armour
 c - a +0 buckler (worn)
 y - a +1 scale mail of poison resistance (worn)
Jewellery
 p - a ring of protection from fire (left hand)
 w - a ring of wizardry
Wands
 x - a wand of polymorph (8)
 A - a wand of paralysis (5)
Scrolls
 f - 3 scrolls of immolation {unknown}
 h - 2 scrolls of blinking {unknown}
 j - a scroll of identify {unknown}
 k - 2 scrolls of poison {unknown}
 l - 2 scrolls of enchant armour {unknown}
 m - 2 scrolls of magic mapping {unknown}
 n - a scroll of acquirement {unknown}
 o - a scroll of silence {unknown}
 q - a scroll of amnesia {unknown}
 r - a scroll of noise {unknown}
 s - 4 scrolls of teleportation {unknown}
 t - a scroll of vulnerability {unknown}
 u - a scroll of enchant weapon {unknown}
Potions
 b - a potion of attraction {unknown}
 d - 2 potions of might
 e - a potion of ambrosia {unknown}
 g - 2 potions of degeneration {unknown}
 i - 4 potions of curing
 z - a potion of cancellation {unknown}
 B - a potion of resistance {unknown}


   Skills:
 * Level 6.1 Fighting
 * Level 8.2 Maces & Flails
 + Level 5.7 Armour
 + Level 1.8 Dodging
 + Level 1.3 Stealth
 + Level 5.2 Shields


You had 8 spell levels left.
You didn't know any spells.
Your spell library contained the following spells:

 Spells                   Type           Power      Damage    Failure   Level
 Apportation              Tloc           0%         N/A       75%         1
 Alistair's Intoxication  Tmut/Pois      0%         N/A       100%        5


Dungeon Overview and Level Annotations

Branches:
Dungeon (6/15)             Temple (0/1) D:5

Altars:
Ashenzari
Cheibriados
Elyvilon
Hepliaklqana
Kikubaaqudgha
Qazlal
Yredelemnul
Zin
The Shining One

Shops:
D:1 !

Annotations:
D:2 1 runed translucent door, Crazy Yiuf


Innate Abilities, Weirdness & Mutations

Your life essence is reduced to manifest your ancestor. (-10% HP)
You cannot be hasted, slowed, berserked, paralysed or teleported.
You can dig through walls and to a lower floor.
You have a pair of large antennae on your head. (SInv)
Your four strong arms can wield two-handed weapons with a shield.


Message History

The wight hits Caliana with a +0 battleaxe!
Caliana is destroyed!
The gnoll shouts!
You hit the wight.
The wight convulses.
The wight is lightly damaged.
You hear a shout!
The wight hits you with a +3 scimitar!
You feel drained. The wight hits you but does no damage.
You barely miss the wight.
The wight is lightly damaged.
The wight barely misses you.
A wight comes into view. It is wielding a +2 long sword.
A wight comes into view. It is wielding a +0 spear.
The water moccasin closely misses you.
You sock the wight!
The wight convulses.
The wight is almost destroyed.
The water moccasin closely misses you. You block the wight's attack.
The wight hits you with a +0 battleaxe. The water moccasin bites you.
You hit the wight but do no damage.
The wight is almost destroyed.
The wight hits you with a +3 scimitar!
You feel drained.
A gnoll bouda comes into view. It is wielding a +0 whip.
The wight hits you with a +0 battleaxe!
* * * LOW HITPOINT WARNING * * *
You feel drained.
* * * LOW HITPOINT WARNING * * *
The water moccasin bites you but does no damage.
The water moccasin attacks as you move away!
The water moccasin bites you.
* * * LOW HITPOINT WARNING * * *
The gnoll bouda shouts!
The gnoll bouda gazes fiercely through you!
You feel your attacks grow feeble. The water moccasin barely misses you.
The water moccasin attacks as you move away!
The water moccasin bites you.
* * * LOW HITPOINT WARNING * * *
The wight attacks as you move away! You block the wight's attack.
The wight attacks as you move away! The wight hits you with a +0 battleaxe!
You die...

.............##
..........>...#
.......<......#######.
.......)..............
.....####.......#######
.... #..............
... #.......#######. ..
#............... .
#....@z.########
#....Sz.####
#..........#
.........gz......
#.#######z...###. #
.....# ...g...
......... ..###.....


You could see a water moccasin, a gnoll bouda, 4 wights and a gnoll.

Vanquished Creatures
  Grinder (D:4)
  A yak (D:5)
  A black bear (D:5)
  An ogre (D:5)
  3 phantoms
  A scorpion (D:5)
  A wight (D:6)
  A hound (D:5)
  A jelly (D:5)
  2 orc priests (D:5)
  An iron imp (D:3)
  Jessica (D:2)
  Ijyb (D:4)
  2 iguanas
  Natasha (thrice) (D:4)
  2 orc wizards
  4 gnolls
  6 adders
  3 worms
  4 dart slugs
  6 orcs
  A bat zombie (D:5)
  5 endoplasms
  7 giant cockroaches
  5 goblins
  9 hobgoblins
  2 jackals (D:4)
  3 quokkas
  2 ball pythons
  4 bats
  3 frilled lizards
  6 kobolds
  8 rats
  3 rat zombies (D:5)
104 creatures vanquished.

Vanquished Creatures (collateral kills)
  Sigmund (D:6)
1 creature vanquished.

Vanquished Creatures (others)
  An ancestor (D:6)
  20 plants (D:2)
21 creatures vanquished.

Grand Total: 126 creatures vanquished

Notes
Turn   | Place    | Note
-------+----------+-------------------------------------------
     0 | D:1      | greenreed the Formicid Fighter began the quest for the Orb.
     0 | D:1      | Reached XP level 1. HP: 18/18 MP: 1/1
    20 | D:1      | Found Laurolit's Distillery.
   233 | D:1      | Reached XP level 2. HP: 20/24 MP: 2/2
   404 | D:1      | Reached XP level 3. HP: 30/30 MP: 3/3
   909 | D:2      | Found a runed translucent door.
   910 | D:2      | Noticed Crazy Yiuf
   922 | D:2      | Noticed Jessica
   931 | D:2      | Killed Jessica
   932 | D:2      | Reached XP level 4. HP: 23/37 MP: 4/4
  1020 | D:2      | Reached skill level 3 in Maces & Flails
  1216 | D:2      | Found a faded altar of an unknown god.
  1929 | D:3      | Reached XP level 5. HP: 35/42 MP: 5/5
  2092 | D:3      | Found a snail-covered altar of Cheibriados.
  2105 | D:3      | Reached skill level 4 in Maces & Flails
  2340 | D:3      | Found a basalt altar of Yredelemnul.
  2544 | D:4      | Noticed Grinder
  2839 | D:4      | Reached XP level 6. HP: 41/48 MP: 6/6
  3193 | D:4      | Reached skill level 5 in Maces & Flails
  3211 | D:4      | Noticed Ijyb
  3213 | D:4      | Noticed Natasha
  3245 | D:4      | Killed Ijyb
  3261 | D:4      | Killed Natasha
  3262 | D:4      | Reached XP level 7. HP: 32/55 MP: 7/7
  3483 | D:4      | Found a broken altar of Ashenzari.
  3496 | D:4      | Noticed Natasha
  3501 | D:4      | Killed Natasha
  3622 | D:4      | Found a hazy altar of Hepliaklqana.
  3626 | D:4      | Became a worshipper of Hepliaklqana the Forgotten
  3717 | D:4      | Killed Grinder
  3718 | D:4      | Reached skill level 5 in Fighting
  3718 | D:4      | Reached skill level 6 in Maces & Flails
  3811 | D:4      | Found a stormy altar of Qazlal.
  3815 | D:4      | Noticed a fire elemental
  3815 | D:4      | Noticed an air elemental
  3815 | D:4      | Noticed a water elemental
  3906 | D:4      | Found a white marble altar of Elyvilon.
  3906 | D:4      | Found a glowing golden altar of the Shining One.
  3908 | D:4      | Found a glowing silver altar of Zin.
  3940 | D:4      | Noticed Natasha
  3947 | D:4      | Killed Natasha
  3991 | D:5      | Entered Level 5 of the Dungeon
  4005 | D:5      | Reached XP level 8. HP: 32/62 MP: 8/8
  4109 | D:4      | Reached skill level 5 in Shields
  4282 | D:5      | Reached skill level 1 in Dodging
  4363 | D:5      | Reached skill level 7 in Maces & Flails
  4569 | D:5      | Found an ancient bone altar of Kikubaaqudgha.
  4781 | D:5      | Found a staircase to the Ecumenical Temple.
  4791 | D:5      | HP: 3/63 [ogre/+0 giant spiked club (14)]
  5020 | D:5      | Reached skill level 5 in Armour
  5132 | D:5      | Reached skill level 1 in Stealth
  5313 | D:6      | Noticed a yak
  5313 | D:6      | Noticed a yak
  5313 | D:6      | Noticed a yak
  5313 | D:6      | Reached * piety under Hepliaklqana
  5314 | D:6      | Noticed a yak
  5315 | D:6      | Noticed a yak
  5322 | D:5      | Killed a yak
  5367 | D:6      | Noticed Sigmund
  5370 | D:6      | Killed Sigmund
  5371 | D:6      | Reached skill level 8 in Maces & Flails
  5371 | D:6      | Reached XP level 9. HP: 56/62 MP: 9/9
  5416 | D:6      | Slain by a wight

Illustrated notes

Levels and vault maps discovered:
D:1:      eino_arrival_cavern_b, layout_loops_ring, serial_aquarium,
          aquarium_bridge_square [aquarium_subvault_bridge,
          aquarium_subvault_balcony, aquarium_subvault_window,
          aquarium_subvault_bridge], aquarium_window_2, aquarium_window_corner,
          aquarium_view_2d, aquarium_balcony_3b, serial_shops, shop
D:2:      layout_basic, serial_bayou, serial_bayou_lagoon_a,
          serial_bayou_shore_a, serial_bayou_pond_c, serial_bayou_pond_c,
          serial_bayou_pond_c, basic_ecumenical_altar, uniq_jessica,
          uniq_crazy_yiuf_cottage
D:3:      layout_loops_cross, slow_altar_2, overflow_temple_1_default
D:4:      layout_cave_pods, dreamdust_divine_triumvirate,
          mainiacjoe_overflow_catwalk, nicolae_qazlal_style_of_elements,
          nzn_hepliaklqana_mist_gate, serial_rivers,
          chequers_serial_rivers_micro_c, chequers_serial_rivers_large_b,
          chequers_serial_rivers_room_b, chequers_serial_rivers_micro_b,
          solitary_fountain, minmay_misc_feat_columns,
          nicolae_concentric_dashed_squares_mild, uniq_ijyb, uniq_grinder,
          uniq_natasha
D:5:      layout_basic, lemuel_zombie_altar_kikubaaqudgha,
          minmay_temple_entry_hall
D:6:      layout_basic, uniq_sigmund

Skill      XL: |  1  2  3  4  5  6  7  8 |
---------------+-------------------------+-----
Maces & Flails | 3 4 5 6 8 |  8.2
Fighting       | 4 5 6 |  6.1
Armour         | 4 5 |  5.7
Shields        | 5 |  5.2
Dodging        | 1 |  1.8
Stealth        | 1 |  1.3

Action                   |  1- 3 |  4- 6 |  7- 9 || total
-------------------------+-------+-------+-------++-------
Melee: Flail             |    62 |   201 |    88 ||   351
       Mace              |       |    18 |    52 ||    70
 Stab: Distracted        |       |       |     1 ||     1
Armor: Scale mail        |    24 |    59 |    61 ||   144
       Skin              |       |    20 |       ||    20
Dodge: Dodged            |    24 |    58 |    56 ||   138
Block: Buckler           |    14 |    45 |    26 ||    85

Table legend: (Time is in decaauts)
 A = Elapsed time spent in this place.
 B = Non-inter-level travel time spent in this place.
 C = Inter-level travel time spent in this place.
 D = Time resting spent in this place.
 E = Time spent auto-exploring this place.
 F = Levels seen in this place.
 G = Mean time per level.
                   A        B        C        D        E       F      G
               +--------+--------+--------+--------+--------+-----+--------+
         Total |   5564 |   5300 |    264 |      0 |   4296 |   6 |  927.3 |
       Dungeon |   5564 |   5300 |    264 |      0 |   4296 |   6 |  927.3 |
               +--------+--------+--------+--------+--------+-----+--------+

Top non-repeatable levels by time:
     D:4: 1432 daAuts
     D:5: 1231 daAuts
     D:3: 1064 daAuts
     D:2: 958 daAuts
     D:1: 826 daAuts
     D:6: 51 daAuts
